Map: Dreamcatcher LE

Players

Trizztein - Winner!

  • Race: Terran Terran
  • League: Diamond
  • Spawn Location: 11:00

A.I. 1 (Very Easy)

  • Race: Protoss Protoss
  • Spawn Location: 5:00

VOD

Have the link to the VOD?

Description

Time

  • Played on: July 2, 2018, 8:35 a.m.
  • Length: 8:29
Show
View Real Time Build Order
Export as new Build Order

Trizztein Terran - Winner!

Build Orders: Reaper Expand, MMM Bio 

Get SALT Encoding   

  6  0:00  SCV  
  13  0:12  SCV  
  14  0:17  Supply Depot  
  14  0:24  SCV  
  15  0:30  Refinery  
  15  0:39  SCV  
  16  0:45  Barracks  
  16  0:51  SCV  
  17  1:03  SCV  
  18  1:15  SCV  
  19  1:32  Reaper, Orbital Command  
  20  1:48  Command Center  
  20  1:58  SCV  
  21  2:03  Supply Depot  
  21  2:04  Marine  
  22  2:13  Factory  
  22  2:16  SCV  
  23  2:23  Bunker  
  23  2:27  Barracks Reactor  
  23  2:29  SCV  
  24  2:40  Barracks  
  24  2:41  SCV  
  25  2:53  SCV  
  25  2:58  Widow Mine  
  28  3:01  Orbital Command  
  28  3:03  Marine  
  29  3:06  SCV  
  29  3:10  Marine  
  31  3:18  Barracks, SCV  
  32  3:26  Barracks Tech Lab, Factory Tech Lab  
  32  3:28  SCV  
  32  3:30  SCV  
  32  3:33  Refinery, Marine  
  35  3:35  Marine  
  35  3:40  SCV  
  37  3:42  SCV  
  37  3:44  Engineering Bay  
  38  3:49  Marine  
  38  3:52  Factory Reactor  
  38  3:53  Stimpack, SCV  
  40  3:58  Refinery  
  40  4:01  Marine  
  40  4:02  Supply Depot  
  41  4:03  Marine  
  41  4:04  SCV  
  41  4:06  SCV  
  44  4:11  Terran Infantry Weapons Level 1  
  44  4:15  Marine x2  
  46  4:23  SCV x2  
  48  4:25  Supply Depot  
  48  4:31  Starport  
  48  4:32  Marine  
  48  4:33  Factory Tech Lab  
  48  4:35  SCV x2  
  48  4:36  Marine  
  48  4:37  Marine  
  53  4:43  Supply Depot  
  53  4:45  Marine  
  54  4:47  SCV  
  54  4:50  Supply Depot  
  54  4:51  Combat Shields  
  55  4:53  Marine  
  55  4:55  SCV  
  57  5:00  Siege Tank  
  57  5:01  SCV  
  57  5:06  Supply Depot  
  61  5:11  SCV  
  61  5:12  Supply Depot  
  61  5:13  SCV  
  63  5:14  Medivac  
  63  5:17  Medivac  
  63  5:19  Marine  
  63  5:21  Marine x2  
  69  5:23  SCV  
  69  5:26  Marine  
  72  5:34  Supply Depot  
  72  5:38  Liberator  
  72  5:39  Barracks x2  
  72  5:41  Marauder  
  74  5:43  Marine x2  
  74  5:47  SCV  
  77  5:51  Marauder  
  77  5:54  Concussive Shells  
  82  6:00  Refinery  
  82  6:01  Marine x3  
  82  6:02  Supply Depot  
  85  6:11  Supply Depot, Marine  
  85  6:12  Siege Tank  
  85  6:16  Medivac  
  91  6:19  Marine x3  
  94  6:27  Marine x2, Terran Infantry Armor Level 1  
  94  6:29  Marine, SCV  
  94  6:30  SCV  
  99  6:36  Marine x2  
  99  6:37  Marine  
  99  6:38  Medivac  
  104  6:40  Supply Depot  
  104  6:42  Supply Depot  
  104  6:45  Marine  
  105  6:48  Marine x2  
  105  6:49  Siege Tank  
  110  6:54  Marine x2  
  110  6:56  Marine  
  110  6:59  Medivac  
  115  7:03  Marine  
  115  7:07  Marine x2  
  118  7:08  Liberator  
  118  7:12  Marine x2  
  118  7:15  Marine  
  121  7:21  Siege Tank, Marine  
  125  7:28  Marine x2  
  130  7:30  Marine x2  
  130  7:33  Marauder  
  134  7:37  Supply Depot  
  134  7:39  Supply Depot, Marine  
  135  7:46  Marine x2  
  137  8:00  Marine x4  
  137  8:04  Marine x2  
Show
View Real Time Build Order
Export as new Build Order

A.I. 1 (Very Easy) Protoss 

Build Orders: 1 Gate Expand, Nexus First 

Get SALT Encoding   

  6  0:00  Probe  
  13  0:13  Probe  
  14  0:20  Pylon  
  14  0:42  Gateway  
  14  1:00  Nexus  
  14  1:19  Pylon  
  14  1:22  Zealot  
  14  1:24  Assimilator  
  16  1:36  Cybernetics Core  
  16  1:39  Probe  
  17  1:51  Probe  
  18  2:01  Probe, Assimilator  
  18  2:07  Stalker  
  19  2:09  Probe  
  22  2:16  Warp Gate  
  22  2:18  Probe  
  23  2:24  Probe  
  24  2:32  Probe  
  25  2:39  Probe  
  26  2:49  Probe  
  26  2:51  Assimilator  
  27  2:53  Pylon  
  27  2:56  Probe  
  28  3:04  Probe  
  29  3:07  Probe  
  30  3:14  Robotics Facility  
  30  3:18  Probe  
  31  3:27  Probe  
  31  3:30  Zealot  
  34  3:35  Probe  
  35  3:42  Probe  
  36  3:49  Probe  
  37  3:56  Probe  
  37  4:01  Probe  
  38  4:03  Observer  
  40  4:10  Probe  
  40  4:14  Probe  
  41  4:23  Assimilator  
  42  4:24  Observer  
  42  4:25  Probe  
  42  4:28  Probe  
  44  4:37  Pylon  
  45  4:39  Probe  
  45  4:44  Sentry  
  48  4:46  Probe  
  49  4:53  Probe  
  50  6:43  Zealot  
  43  6:47  Probe, Pylon  
  41  6:55  Probe  
  29  7:03  Probe  
  26  7:11  Probe  
  26  7:12  Stalker  
  29  7:19  Probe  
  29  7:20  Pylon  
  21  7:34  Pylon  
Tags
 
Add a new tag
Caveats
  • Supply blocks, unpowered buildings, or Contaminate may cause inaccurate times.
  • Supply counts are checked every 10 seconds.